 Dungeon Crawl Stone Soup version 0.21-a0-88-g13b9641 (webtiles) character file.

142 MackTheKnife the Chopper (level 5, -1/45 HPs)
             Began as a Hill Orc Fighter on June 26, 2017.
             Slain by a gnoll
             ... wielding a +0 spear
              (6 damage)
             ... on level 2 of the Dungeon.
             The game lasted 00:01:53 (1384 turns).

MackTheKnife the Chopper (Hill Orc Fighter)         Turns: 1384, Time: 00:01:53

Health: -1/45      AC: 10    Str: 19    XL:     5   Next: 24%
Magic:  5/5        EV:  7    Int:  8    God:
Gold:   108        SH:  9    Dex: 11    Spells: 4/4 levels left

rFire    . . .     SeeInvis .   a - +0 war axe
rCold    . . .     Gourm    .   c - +0 shield
rNeg     . . .     Faith    .   b - +0 scale mail
rPois    .         Spirit   .   (no helmet)
rElec    .         Reflect  .   (no cloak)
rCorr    .         Harm     .   i - +2 pair of gloves
MR       .....                  (no boots)
Stlth    ..........             (no amulet)
HPRegen  0.15/turn              (no ring)
MPRegen  0.09/turn              (no ring)

@: no status effects
A: no striking features
a: no special abilities


You were on level 2 of the Dungeon.
You were hungry.

You visited 1 branch of the dungeon, and saw 2 of its levels.

You collected 108 gold pieces.

Inventory:

Hand Weapons
 a - a +0 war axe (weapon)
Missiles
 d - a throwing net {=f, !d}
Armour
 b - a +0 scale mail (worn)
 c - a +0 shield (worn)
 i - a +2 pair of gloves (worn)
   (You found it on level 1 of the Dungeon)
Scrolls
 e - 2 scrolls of identify
 g - 2 scrolls of blinking {!r}
 h - a scroll of amnesia
 j - a scroll of enchant armour
 l - a scroll of fog
 o - 2 scrolls of remove curse {unknown}
Potions
 k - a potion of heal wounds
 m - a potion of brilliance
 n - a potion of haste {unknown}
Comestibles
 f - a bread ration {@e1}


   Skills:
 - Level 3.6 Fighting
 + Level 7.0 Axes
 - Level 3.2 Armour
 - Level 3.2 Shields


You had 4 spell levels left.
You didn't know any spells.

Dungeon Overview and Level Annotations

Branches:
Dungeon (2/15)

Altars:


Message History

You block the gnoll's attack. The gnoll misses you.
You slash the gnoll! The gnoll hits you with a halberd.
You take 4 damage, and have 28/45 hp.
You completely miss the gnoll. The gnoll hits you with a halberd.
You are too injured to fight recklessly!
You take 5 damage, and have 23/45 hp.
You slash the gnoll!
You kill the gnoll!
You see here a halberd.
Found a stone staircase leading up.
o - a scroll labeled QINUAM TEAWKESUY You start resting.
You are feeling hungry.
You regained 17 hp, and now have 41/45 hp.
You see here a halberd.
Things that are here:
a flail; a hobgoblin corpse; a gnoll corpse
There is an open door here.
Found an escape hatch in the ceiling.
A kobold comes into view. It is wielding a short sword.
The kobold throws a stone.
The stone hits you but does no damage.
You see here a stone.
Health restored: 45 A kobold is nearby!
The kobold throws a stone.
You block the stone.
You see here a stone.
The kobold moves out of view.
No target in view!
No target in view!
No target in view!
The kobold hits you with a short sword.
You take 3 damage, and have 42/45 hp.
You hit the kobold.
You kill the kobold!
Your Axes skill increases to level 7!
No target in view!
Things that are here:
a short sword; a stone; a kobold corpse The gnoll shouts!
The gnoll is too close now for your liking.
Found a stone staircase leading down.
An adder comes into view.
The gnoll shouts!
The gnoll shouts!
The gnoll hits you but does no damage. x2
You see here a scroll labeled QINUAM TEAWKESUY.
o - 2 scrolls labeled QINUAM TEAWKESUY (gained 1)
The gnoll hits you but does no damage. x2
You hit the gnoll. You block the gnoll's attack. The gnoll closely misses you.
You hit the gnoll. You slash the adder! The adder bites you but does no damage.
You block the gnoll's attack. The gnoll barely misses you.
The adder barely misses you. The gnoll hits you with a spear.
You take 6 damage, and have 38/45 hp.
You miss the adder. You barely miss the gnoll.
The gnoll hits you from afar with a spear!
The adder bites you but does no damage. You block the gnoll's attack. x2
The gnoll barely misses you.
You take 7 damage, and have 31/45 hp.
You miss the adder. You hit the gnoll but do no damage.
The adder completely misses you. The gnoll hits you with a spear.
The gnoll barely misses you. You block the gnoll's attack.
The adder bites you but does no damage.
You take 2 damage, and have 29/45 hp.
You closely miss the adder. You completely miss the gnoll.
You block the adder's attack. The gnoll hits you with a spear.
The gnoll hits you but does no damage.
The gnoll hits you from afar with a halberd!
You take 12 damage, and have 17/45 hp.
MASSIVE DAMAGE!!
Your shield prevents you from hitting the adder.
You hit the gnoll but do no damage. The adder misses you.
The gnoll closely misses you. You block the gnoll's attack.
The gnoll hits you from afar with a halberd.
The adder bites you. You block the gnoll's attack.
You take 1 damage, and have 16/45 hp.
Unknown command.
You block the adder's attack.
Unknown command.
You closely miss the adder. You block the adder's attack.
Your shield and scale mail prevent you from hitting the adder.
You block the adder's attack.
The gnoll hits you from afar with a spear.
The adder closely misses you.
You take 1 damage, and have 15/45 hp.
The adder completely misses you.
The gnoll hits you from afar with a spear.
* * * LOW HITPOINT WARNING * * *
You take 4 damage, and have 11/45 hp.
Unknown command.
You closely miss the adder. The adder bites you but does no damage.
You block the adder's attack.
The gnoll hits you from afar with a spear.
* * * LOW HITPOINT WARNING * * *
You take 5 damage, and have 6/45 hp.
You hit the adder. You block the adder's attack.
The gnoll hits you from afar with a spear.
* * * LOW HITPOINT WARNING * * *
The gnoll hits you from afar with a spear.
You die...

.#.# ..#.# .# #...# .#
##...##.#### ? ............
..#####....%......
>........g........
#.....##........
#####..ggS@.......
...##..##..#.#### # #.###.##..#
# #)....#..#.# ## ###.........
.## #.(..#.#.# .# # #<#
##########(.#.#.#####.#.# #.#
#..<#.####..#.........#.####
#.###...........................


You could see 3 gnolls and an adder.

Vanquished Creatures
  8 gnolls
  2 adders (D:2)
  An ooze (D:1)
  2 worms (D:2)
  2 leopard geckos (D:1)
  3 giant cockroaches
  4 goblins
  6 hobgoblins
  A quokka (D:2)
  5 bats
  2 frilled lizards (D:2)
  3 kobolds
  2 rats (D:1)
41 creatures vanquished.

Notes
Turn   | Place    | Note
-------+----------+-------------------------------------------
     0 | D:1      | MackTheKnife the Hill Orc Fighter began the quest for the Orb.
     0 | D:1      | Reached XP level 1. HP: 19/19 MP: 1/1
   159 | D:1      | Reached skill level 3 in Axes
   300 | D:1      | Reached XP level 2. HP: 26/26 MP: 2/2
   450 | D:1      | Reached skill level 4 in Axes
   706 | D:2      | Reached XP level 3. HP: 27/31 MP: 3/3
   719 | D:1      | Reached skill level 5 in Axes
   961 | D:2      | Reached XP level 4. HP: 37/39 MP: 4/4
   975 | D:2      | Reached skill level 6 in Axes
   979 | D:2      | HP: 9/39 [poisoned by an adder]
  1185 | D:2      | Reached XP level 5. HP: 45/45 MP: 5/5
  1362 | D:2      | Reached skill level 7 in Axes
  1382 | D:2      | HP: 11/45 [gnoll/spear (5)]
  1384 | D:2      | HP: 5/45 [gnoll/spear (1)]
  1384 | D:2      | Slain by a gnoll

Vault maps used:
D:1:      dpeg_cavernosity
D:2:      marbit_many_paths, minmay_small_reverse_x

Skill      XL: |  1  2  3  4  5 |
---------------+----------------+-----
Axes           | 3 4 5 6 7 |  7.0
Fighting       | |  3.6
Armour         | |  3.2
Shields        | |  3.2

Action                   |  1- 3 |  4- 6 || total
-------------------------+-------+-------++-------
Melee: War axe           |    72 |    52 ||   124
  Use: Scroll            |       |     6 ||     6
       Potion            |       |     3 ||     3
  Eat: Chunk             |       |     1 ||     1
Armor: Scale mail        |    36 |    29 ||    65
Dodge: Dodged            |    43 |    30 ||    73
Block: Shield            |    47 |    43 ||    90

Vault maps used:
D:1:      dpeg_cavernosity
D:2:      marbit_many_paths, minmay_small_reverse_x

Table legend:
 A = Turns spent in this place as a percentage of turns spent in the entire game.
 B = Non-inter-level travel turns spent in this place as a percentage of non-inter-level travel turns spent in the entire game.
 C = Inter-level travel turns spent in this place as a percentage of turns spent in this place.
 D = Turns resting spent in this place as a percentage of non-inter-level travel turns spent in this place.
 E = Turns spent auto-exploring this place as a percentage of non-inter-level travel turns spent in this place.
 F = Non-inter-level travel turns spent in this place divided by the number of levels of this place that you've seen.
                   A       B       C       D       E      F
               +-------+-------+-------+-------+-------+----------------------
         Total | 100.0 | 100.0 |   0.6 |   2.2 |  12.5 | 180.0
       Dungeon | 100.0 | 100.0 |   0.6 |   2.2 |  12.5 | 180.0
               +-------+-------+-------+-------+-------+----------------------

Table legend:
 A = Kills in this place as a percentage of kills in entire the game.
 B = Kills by you in this place as a percentage of kills by you in the entire game.
 C = Kills by friends in this place as a percentage of kills by friends in the entire game.
 D = Other kills in this place as a percentage of other kills in the entire game.
 E = Experience gained in this place as a percentage of experience gained in the entire game.
 F = Experience gained in this place divided by the number of levels of this place that you have seen.
                   A       B       C       D       E      F
               +-------+-------+-------+-------+-------+----------------------
         Total | 100.0 | 100.0 |  -nan |  -nan | 100.0 | 101.5
       Dungeon | 100.0 | 100.0 |  -nan |  -nan | 100.0 | 101.5
               +-------+-------+-------+-------+-------+----------------------
